 Dungeon Crawl Stone Soup version 0.24.1 (webtiles) character file.

Game seed: 4385512894128453898, levelgen mode: deterministic

712 nightchill the Digger (level 7, -2/43 HPs)
             Began as a Gargoyle Earth Elementalist on Mar 23, 2020.
             Was a Follower of Uskayaw.
             Slain by a bullfrog zombie (5 damage)
             ... on level 5 of the Dungeon.
             The game lasted 00:22:59 (5647 turns).

nightchill the Digger (Gargoyle Earth Elementalist) Turns: 5647, Time: 00:22:59

Health: -2/43      AC:  9    Str: 13    XL:     7   Next: 68%
Magic:  10/10      EV: 12    Int: 16    God:    Uskayaw [*.....]
Gold:   124        SH:  0    Dex: 10    Spells: 2/10 levels left

rFire    . . .     SeeInvis .   y - +5 flail
rCold    . . .     Gourm    .   (no shield)
rNeg     + . .     Faith    .   c - +0 robe
rPois    ∞         Spirit   .   (no helmet)
rElec    +         Reflect  .   (no cloak)
rCorr    .         Harm     .   (no gloves)
MR       .....                  A - +2 pair of boots of the Assassin {Detection Stab+ Stlth++}
Stlth    ++++......             (no amulet)
HPRegen  0.14/turn              (no ring)
MPRegen  0.12/turn              (no ring)

@: no status effects
A: negative energy resistance 1, electricity resistance, unbreathing,
petrification resistance, rot immunity, AC +4
a: Stomp, Renounce Religion


You were on level 5 of the Dungeon.
You worshipped Uskayaw.
Uskayaw was noncommittal.
You were not hungry.

You visited 2 branches of the dungeon, and saw 6 of its levels.

You collected 124 gold pieces.

Inventory:

Hand Weapons
 g - a +0 club
 i - a +3 dagger of speed
 o - a +0 flail
 y - a +5 flail (weapon)
Missiles
 a - 28 sling bullets
 b - 85 stones (quivered)
Armour
 c - a +0 robe (worn)
 f - a +0 leather armour
 l - a +0 pair of boots
 A - the +2 pair of boots of the Assassin (worn) {Detection Stab+ Stlth++}
   (You found it on level 4 of the Dungeon)

   It makes you much more stealthy.
Jewellery
 s - a cursed ring of attention {unknown}
 C - an uncursed ring of protection from cold {unknown}
Wands
 j - a wand of clouds (1)
 t - a wand of flame (19)
Scrolls
 e - 4 scrolls of identify {unknown}
 n - 5 scrolls of remove curse {unknown}
 p - 3 scrolls of enchant armour {unknown}
 u - a scroll of teleportation {unknown}
 v - 2 scrolls of amnesia {unknown}
 B - a scroll of magic mapping {unknown}
Potions
 h - 3 potions of brilliance {unknown}
 k - 2 potions of curing {unknown}
 m - a potion of cancellation {unknown}
 q - a potion of flight {unknown}
 r - 2 potions of agility {unknown}
 w - 2 potions of invisibility {unknown}
 x - a potion of might {unknown}
 z - 2 potions of heal wounds {unknown}
Comestibles
 d - 7 rations


   Skills:
 + Level 4.0 Fighting
 * Level 4.9 Maces & Flails
 - Level 1.5 Dodging
 + Level 3.1 Stealth
 - Level 2.0 Spellcasting
 - Level 0.7 Transmutations
 - Level 6.7 Earth Magic


You had 2 spell levels left.
You knew the following spells:

 Your Spells              Type           Power        Failure   Level  Hunger
a - Sandblast             Erth           ###...       1%          1    #......
b - Passwall              Tmut/Erth      ##......     7%          2    ###....
c - Lee's Rapid Deconstr  Erth           ###.......   36%         5    ######.

Your spell library contained the following spells:

 Spells                   Type           Power        Failure   Level  Hunger
 Stone Arrow              Conj/Erth      ##....       16%         3    ###....
 Petrify                  Tmut/Erth      ##......     41%         4    #####..


Dungeon Overview and Level Annotations

Branches:
Dungeon (5/15)             Temple (1/1) D:5

Altars:
Cheibriados
Fedhas
Gozag
Nemelex Xobeh
Okawaru
Ru
Trog
Uskayaw
Vehumet
Xom
Yredelemnul
Zin
The Shining One

Shops:
D:5 }


Innate Abilities, Weirdness & Mutations

You are resistant to torment.
Your stone body is resilient. (AC +4)
You are immune to poison.
You resist negative energy. (rN+)
You are resistant to electric shocks. (rElec)
You can survive without breathing.
You are immune to petrification.
You are immune to rotting.


Message History

The orc wizard mumbles some strange words.
The orc wizard blinks!
An orc comes into view. It is wielding a +0 dagger.
The orc shouts!
The bullfrog zombie hits you.
* * * LOW HITPOINT WARNING * * *
The bullfrog zombie misses you.
The bullfrog zombie hits you but does no damage.
The orc wizard mumbles some strange words.
The orc wizard blinks!
The bullfrog zombie hits you.
* * * LOW HITPOINT WARNING * * *
The bullfrog zombie hits you.
* * * LOW HITPOINT WARNING * * *
The bullfrog zombie hits you but does no damage. x2
The bullfrog zombie barely misses you. The bullfrog zombie hits you.
* * * LOW HITPOINT WARNING * * *
The bullfrog zombie hits you but does no damage.
The bullfrog zombie hits you.
You die...

#.# #.# #o#######
####### #{#......
#.o.{.# ##.#.#####
##.###.###o...#####
#.o# #.o#.....##...
#.Z###.{.o.........
#.@..#########.....
#####....#.......######
#........#.......#
#.###.#..'...>...# #(#
#.#.##.......# #.#
#.#.##.......###
#.###.#.#####'####.##
#.......###.........###
###.......'.........'..


You could see 2 orcs and a bullfrog zombie.

Vanquished Creatures
  An ice beast (Temple)
  A phantom (D:4)
  An ogre (D:4)
  2 crimson imps
  A bullfrog skeleton (D:4)
  A centaur zombie (D:5)
  A centaur skeleton (D:4)
  2 iguanas (D:4)
  Natasha (thrice) (D:2)
  A howler monkey skeleton (D:4)
  A gnoll (D:2)
  6 adders
  An ooze (D:4)
  An adder skeleton (D:4)
  5 dart slugs
  4 worms
  2 orcs (D:4)
  7 bats
  2 giant cockroaches (D:2)
  9 goblins
  7 hobgoblins
  2 jackals (D:2)
  2 kobolds
  2 ball pythons (D:1)
  9 frilled lizards
  9 rats
83 creatures vanquished.

Notes
Turn   | Place    | Note
-------+----------+-------------------------------------------
     0 | D:1      | nightchill the Gargoyle Earth Elementalist began the quest
                  | for the Orb.
     0 | D:1      | Reached XP level 1. HP: 10/10 MP: 3/3
    67 | D:1      | Reached skill level 4 in Earth Magic
    68 | D:1      | Reached XP level 2. HP: 16/16 MP: 1/5
   216 | D:1      | Reached skill level 1 in Fighting
   399 | D:1      | Reached XP level 3. HP: 19/20 MP: 6/6
   461 | D:1      | Reached skill level 1 in Maces & Flails
  1120 | D:2      | Found a sparkling altar of Nemelex Xobeh.
  1261 | D:2      | Noticed Natasha
  1262 | D:2      | Found a faded altar of an unknown god.
  1268 | D:2      | Killed Natasha
  1268 | D:2      | Reached XP level 4. HP: 13/26 MP: 3/7
  1437 | D:2      | Learned a level 2 spell: Passwall
  1623 | D:2      | Noticed Natasha
  1633 | D:2      | Killed Natasha
  1633 | D:2      | Reached skill level 5 in Earth Magic
  1773 | D:2      | Noticed Natasha
  1790 | D:2      | Killed Natasha
  1790 | D:2      | Reached XP level 5. HP: 30/30 MP: 6/8
  1915 | D:2      | Learned a level 5 spell: Lee's Rapid Deconstruction
  2938 | D:3      | Found a basalt altar of Yredelemnul.
  2938 | D:3      | Found an opulent altar of Gozag.
  3422 | D:4      | Reached XP level 6. HP: 28/36 MP: 9/9
  3429 | D:4      | Noticed a phantom
  3521 | D:4      | Killed a phantom
  3521 | D:4      | Reached skill level 6 in Earth Magic
  4233 | D:4      | Reached XP level 7. HP: 36/41 MP: 10/10
  4280 | D:4      | Found the +2 pair of boots of the Assassin {Detection Stab+
                  | Stlth++}
  5005 | D:5      | Entered Level 5 of the Dungeon
  5014 | D:5      | Found Vipn's Gadget Shoppe.
  5053 | D:5      | Found a staircase to the Ecumenical Temple.
  5060 | Temple   | Entered the Ecumenical Temple
  5101 | Temple   | Became a worshipper of Uskayaw the Reveler
  5557 | D:5      | Reached * piety under Uskayaw
  5640 | D:5      | HP: 2/43 [bullfrog zombie (5)]
  5647 | D:5      | Slain by a bullfrog zombie

Levels and vault maps discovered:
D:1:      elethiomel_arrival_shortcut, layout_basic,
          hangedman_abyss_or_decor_lesser_grid, minmay_tetromino_t4
D:2:      layout_loops_corners, lemuel_crystal_altar, first_ration,
          chequers_ecumenical_altar_island, cheibrodos_gnoll_hut, uniq_natasha
D:3:      layout_loops_ring, nicolae_overflow_hidden_temple
D:4:      layout_loops_corners
D:5:      layout_loops_corners, minitemple, temple_green, serial_shops, shop,
          cheibrodos_sewer_entry_sluice
Temple:   cyrus_temple_forest

Skill      XL: |  1  2  3  4  5  6  7 |
---------------+----------------------+-----
Earth Magic    | 4 5 6 |  6.7
Fighting       | 1 2 3 4 |  4.0
Maces & Flails | 1 2 3 4 |  4.9
Stealth        | 3 |  3.1
Dodging        | |  1.5
Spellcasting   | |  2.0
Transmutations | |  0.7

Action                   |  1- 3 |  4- 6 |  7- 9 || total
-------------------------+-------+-------+-------++-------
Melee: Unarmed           |     9 |       |       ||     9
       Dagger            |    78 |   169 |     9 ||   256
       Club              |    10 |       |       ||    10
       Flail             |       |       |    24 ||    24
 Cast: Sandblast         |    12 |    28 |       ||    40
       Passwall          |       |       |     1 ||     1
Evoke: Wand              |       |       |     1 ||     1
 Stab: Sleeping          |     1 |     6 |     1 ||     8
  Eat: Chunk             |     1 |    10 |     1 ||    12
       Ration            |       |       |     1 ||     1
Armor: Robe              |    21 |    35 |    14 ||    70
Dodge: Dodged            |    55 |    67 |    21 ||   143
